[Event "Titled Tuesday Blitz November 29 Early 2022"]
[White "Shipov, Sergei"]
[Black "Andreikin, Dmitry"]
[WhiteFideId "4113624"]
[BlackFideId "4158814"]
[WhiteElo "2803"]
[BlackElo "2736"]
[Result "0-1"]
[Round "03"]
[TimeControl "180+1"]
[Date "2022.11.30"]
[WhiteClock "0:00:17"]
[BlackClock "0:00:19"]

1. d4 Nf6 2. c4 e6 3. Nc3 Bb4 4. Qc2 O-O 5. a3 Bxc3+ 6. Qxc3 d6 7. f3 e5 8. dxe5 dxe5 9. Bg5 h6 10. Bh4 Nc6 11. e3 Bf5 12. Ne2 Re8 13. g4 Bh7 14. Rg1 Ne4 15. Bxd8 Nxc3 16. Bxc7 Na4 17. O-O-O Rac8 18. Bd6 Na5 19. e4 Nxc4 20. Kb1 Rcd8 21. b3 Nxd6 22. bxa4 Nxe4 23. Rxd8 Nc5+ 24. Kc1 Rxd8 25. Nc3 Bd3 26. Bxd3 Rxd3 27. Kc2 Rxf3 28. Rd1 Rf2+ 29. Kb1 Rxh2 30. Rd5 Rh1+ 31. Kc2 Rh2+ 32. Kb1 Ne6 33. Rd7 Rh3 34. Kb2 Nc5 35. Rd5 b6 36. a5 Rg3 37. axb6 axb6 38. a4 Rxg4 39. a5 Na4+ 40. Nxa4 Rxa4 41. axb6 Rb4+ 42. Kc3 Rxb6 43. Rxe5 Re6 0-1


[Site "https://www.chess.com"]

[Event "Titled Tuesday Blitz November 29 Early 2022"]
[White "Shuvalov, Evgenij"]
[Black "Palacio,Igor Da Paz"]
[WhiteFideId "4187237"]
[BlackFideId "2121140"]
[WhiteElo "2049"]
[BlackElo "2126"]
[Result "1-0"]
[Round "03"]
[TimeControl "180+1"]
[Date "2022.11.30"]
[WhiteClock "0:01:08"]
[BlackClock "0:00:01"]

1. d4 Nf6 2. c4 g6 3. Nc3 Bg7 4. e4 d6 5. Nf3 O-O 6. Be2 e5 7. O-O Nbd7 8. Be3 c6 9. d5 c5 10. Nd2 Ne8 11. g4 Qh4 12. g5 h6 13. Nf3 Qh3 14. Kh1 f6 15. gxf6 Ndxf6 16. Rg1 Ng4 17. Rg3 Nxe3 18. fxe3 Qh5 19. Ng1 Qh4 20. Rxg6 Kh7 21. Rg3 Rf2 22. Nf3 Qh5 23. Qg1 Rxe2 24. Nxe2 Bd7 25. Rf1 Bf6 26. Nc3 Ng7 27. Nb5 Bh3 28. Rf2 Rf8 29. Nxd6 Bg5 30. Nxg5+ 1-0


[Site "https://www.chess.com"]

[Event "Titled Tuesday Blitz November 29 Early 2022"]
[White "Silva, Miguel Antonio Neto"]
[Black "Antonio, Jorge Carlos"]
[WhiteFideId "1911929"]
[BlackFideId "113190"]
[WhiteElo "2223"]
[BlackElo "2247"]
[Result "1-0"]
[Round "03"]
[TimeControl "180+1"]
[Date "2022.11.30"]
[WhiteClock "0:01:09"]
[BlackClock "0:01:02"]

1. Nf3 d5 2. c4 c6 3. d4 dxc4 4. e3 b5 5. a4 a6 6. axb5 cxb5 7. b3 Qc7 8. bxc4 bxc4 9. Qa4+ Bd7 10. Qxc4 Qxc4 11. Bxc4 Bc6 12. Ne5 e6 13. Nxc6 Nxc6 14. Rxa6 Rxa6 15. Bxa6 Bb4+ 16. Bd2 Bxd2+ 17. Nxd2 Nge7 18. Ke2 O-O 19. Rc1 Nb4 20. Bd3 Nxd3 21. Kxd3 h6 22. e4 Ra8 23. Rc7 Ng6 24. g3 h5 25. Nf3 Ra3+ 26. Rc3 Ra2 27. Rc8+ Kh7 28. Ng5+ Kh6 29. Nxf7+ Kh7 30. Rc2 Ra3+ 31. Ke2 h4 32. Rd2 h3 33. Ng5+ Kh6 34. Nxh3 Ra4 35. Nf4 Nxf4+ 36. gxf4 Kh5 37. f3 Kh4 38. d5 exd5 39. exd5 Rxf4 40. d6 Rf8 41. d7 Rd8 42. Rd5 g5 43. Rd6 g4 44. Rd4 Kh3 45. fxg4 Kxh2 46. Kf3 Kh3 47. Rd5 Kh4 48. Rh5# 1-0


[Site "https://www.chess.com"]

[Event "Titled Tuesday Blitz November 29 Early 2022"]
[White "Sokolovsky, Yahli"]
[Black "Kuzmin, Roman"]
[WhiteFideId "2820242"]
[BlackFideId "44134932"]
[WhiteElo "2316"]
[BlackElo "2197"]
[Result "1-0"]
[Round "03"]
[TimeControl "180+1"]
[Date "2022.11.30"]
[WhiteClock "0:00:12"]
[BlackClock "0:00:02"]

1. b3 Nf6 2. Bb2 e6 3. e3 d5 4. Nf3 b6 5. d4 Bb7 6. Bd3 Bd6 7. Nbd2 Ne4 8. c4 c6 9. Nxe4 dxe4 10. Bxe4 Bb4+ 11. Nd2 Nd7 12. O-O Qc7 13. Nf3 Bd6 14. Bc2 O-O-O 15. a4 a5 16. e4 e5 17. d5 f6 18. Nd2 h5 19. Nb1 g5 20. Nc3 Bc5 21. dxc6 Bxc6 22. Nd5 Bxd5 23. exd5 Kb7 24. Qf3 Qd6 25. Bf5 g4 26. Qe4 Rdg8 27. Kh1 Nb8 28. Rad1 Na6 29. Bc1 Nb4 30. Be6 Rg7 31. Be3 Bxe3 32. fxe3 Rf8 33. Rf5 h4 34. Rdf1 Na6 35. Rxf6 Nc5 36. Qf5 Rxf6 37. Qxf6 Qc7 38. Qxh4 Nxe6 39. dxe6 Re7 40. Qxe7 Qxe7 41. Rf7 1-0


[Site "https://www.chess.com"]

[Event "Titled Tuesday Blitz November 29 Early 2022"]
[White "Sovetbekova, Nurai"]
[Black "Andreev, Konstantin"]
[WhiteFideId "13801910"]
[BlackFideId "24239305"]
[WhiteElo "1925"]
[BlackElo "2106"]
[Result "0-1"]
[Round "03"]
[TimeControl "180+1"]
[Date "2022.11.30"]
[WhiteClock "0:00:03"]
[BlackClock "0:00:13"]

1. d4 Nf6 2. c4 e6 3. g3 d5 4. Bg2 Bb4+ 5. Nd2 O-O 6. Nf3 dxc4 7. O-O a6 8. Nxc4 b5 9. Ncd2 Bb7 10. Qc2 Nbd7 11. e4 Rc8 12. Rd1 Be7 13. e5 Nd5 14. Ne4 h6 15. Nc5 Ba8 16. Nxa6 c5 17. Nxc5 Nxc5 18. dxc5 Bxc5 19. Qe2 Qb6 20. Bd2 Bb7 21. a3 b4 22. axb4 Nxb4 23. Bc3 Ba6 24. Rxa6 Nxa6 25. Nd2 Rfd8 26. Nc4 Qb5 27. Bf1 Nb4 28. Qe1 Qb8 29. Rxd8+ Rxd8 30. Qe4 Nd5 31. Bd3 g6 32. Bd2 Qa7 33. Bxh6 Bxf2+ 34. Kg2 Nb4 35. Bb1 Rd1 36. Nd6 Rg1+ 37. Kh3 Nd5 38. Qf3 Bd4 39. Be4 Bxe5 40. Bxd5 exd5 41. Qxd5 Qd7+ 42. Kh4 Qxd6 43. Qa8+ Kh7 44. Bg5 Bf6 45. Qe4 Bxg5+ 46. Kxg5 Qd8+ 47. Kf4 Rf1+ 48. Ke5 Qf6+ 49. Kd5 Qe6+ 50. Qxe6 fxe6+ 51. Kxe6 Rb1 52. Kf6 Rxb2 53. h4 Rb3 54. h5 0-1


[Site "https://www.chess.com"]

[Event "Titled Tuesday Blitz November 29 Early 2022"]
[White "Stearman, Josiah"]
[Black "Georg, Heinz"]
[WhiteFideId "2062496"]
[BlackFideId "4607295"]
[WhiteElo "2402"]
[BlackElo "2335"]
[Result "1-0"]
[Round "03"]
[TimeControl "180+1"]
[Date "2022.11.30"]
[WhiteClock "0:00:18"]
[BlackClock "0:00:12"]

1. e4 e5 2. Nf3 Nc6 3. Bc4 Nf6 4. d3 d5 5. exd5 Nxd5 6. O-O Nb6 7. Bb3 Bg4 8. h3 Bh5 9. Re1 Be7 10. Nbd2 O-O 11. g4 Bg6 12. Nf1 Bd6 13. Ng3 Kh8 14. h4 f5 15. h5 fxg4 16. Ng5 Qf6 17. Be3 Bf5 18. c3 h6 19. N5e4 Bxe4 20. dxe4 Qh4 21. Be6 Rf3 22. Qe2 Raf8 23. Rad1 Nd8 24. Bf5 Nf7 25. Kg2 Qh3+ 26. Kg1 Qh4 27. c4 Nxc4 28. Qxc4 Ng5 29. Qe2 Nh3+ 30. Kg2 Nf4+ 31. Bxf4 exf4 32. Rh1 Rxg3+ 33. fxg3 Qxg3+ 34. Kf1 f3 35. Qf2 Qf4 36. Rh4 b6 37. Rxg4 Qe5 38. Qxf3 Bc5 39. Qg2 Rxf5+ 40. exf5 Qxf5+ 41. Ke1 Qe5+ 42. Re4 Qxh5 43. Re2 Qf5 44. Rd8+ Kh7 45. Qe4 Qxe4 46. Rxe4 g5 47. Rd7+ Kg6 48. Rxc7 h5 49. Re6+ Kf5 50. Rh6 h4 51. Rxa7 Bd4 52. b3 Be5 53. Rf7+ Kg4 54. Ke2 h3 55. Rfh7 h2 56. Rxh2 Bxh2 57. Rxh2 Kg3 58. Rh8 g4 59. Rg8 Kf4 60. Kf2 b5 61. b4 g3+ 62. Rxg3 1-0


[Site "https://www.chess.com"]

[Event "Titled Tuesday Blitz November 29 Early 2022"]
[White "Stijve, Theo"]
[Black "Von Buelow, Georg"]
[WhiteFideId "1331132"]
[BlackFideId "4620658"]
[WhiteElo "2256"]
[BlackElo "2200"]
[Result "0-1"]
[Round "03"]
[TimeControl "180+1"]
[Date "2022.11.30"]
[WhiteClock "0:00:09"]
[BlackClock "0:00:08"]

1. d4 Nf6 2. c4 Nc6 3. d5 Ne5 4. Nc3 Nxc4 5. e4 Ne5 6. f4 Ng6 7. e5 Ng8 8. Nf3 e6 9. Bc4 Bc5 10. Ne4 Bb6 11. d6 Nh6 12. a4 a5 13. Nfg5 O-O 14. Qh5 cxd6 15. Nxd6 Bc5 16. Nde4 Bb4+ 17. Kf2 d5 18. exd6 Bxd6 19. Rd1 Qb6+ 20. Be3 Qxb2+ 21. Kg1 Be7 22. Bd4 Qb4 23. Bb5 Nxf4 24. Qf3 Ng6 25. g3 e5 26. Bf2 Bg4 27. Qe3 Bxd1 28. Rxd1 Rad8 29. Re1 Nf5 30. Qf3 Nd4 31. Qh5 h6 32. Nh3 Qb3 33. Re3 Qe6 34. Re1 Nf5 35. Nhg5 Bxg5 36. Nxg5 hxg5 37. Qxg5 Qf6 38. Qg4 Nd4 39. h4 Nf3+ 40. Kg2 Nxe1+ 41. Bxe1 e4 42. h5 Qf3+ 43. Kh3 Qxg4+ 44. Kxg4 Ne5+ 45. Kf4 Nd3+ 46. Bxd3 exd3 47. Bd2 Rfe8 48. h6 Re2 49. h7+ Kxh7 50. Bxa5 Rde8 51. Kf3 d2 52. Bxd2 Rxd2 53. a5 Ra2 0-1


[Site "https://www.chess.com"]

[Event "Titled Tuesday Blitz November 29 Early 2022"]
[White "Szabo, Marton Mihaly"]
[Black "Devaev, Alexander"]
[WhiteFideId "787086"]
[BlackFideId "4169395"]
[WhiteElo "2168"]
[BlackElo "2225"]
[Result "1-0"]
[Round "03"]
[TimeControl "180+1"]
[Date "2022.11.30"]
[WhiteClock "0:00:05"]
[BlackClock "0:00:04"]

1. e4 c6 2. Nc3 d5 3. Nf3 dxe4 4. Nxe4 Nf6 5. Qe2 Nxe4 6. Qxe4 Qd5 7. Qf4 Qe6+ 8. Be2 Qf5 9. Qe3 Qxc2 10. Bd3 Qa4 11. b3 Qg4 12. Bb2 Qe6 13. O-O Qxe3 14. fxe3 f6 15. Bc2 Nd7 16. d4 e6 17. e4 Be7 18. d5 cxd5 19. exd5 e5 20. Rfd1 Bc5+ 21. Kh1 O-O 22. Rac1 Be3 23. Rb1 Nb6 24. d6 Be6 25. Be4 Rab8 26. Rd3 Bh6 27. Rdd1 f5 28. Bd3 e4 29. Nd4 Bd7 30. Bb5 Rbd8 31. Bxd7 Rxd7 32. Ne6 Rc8 33. Ba3 Be3 34. Re1 Bd2 35. Re2 e3 36. Rf1 Nd5 37. Bb2 Rxd6 38. Nxg7 Nc3 39. Bxc3 Rxc3 40. Nxf5 Re6 41. g4 Re4 42. h3 b5 43. Kg2 b4 44. Kf3 Re6 45. Kf4 a5 46. Kg5 Rc5 47. Kf4 Rce5 48. Rf3 Re4+ 49. Kg3 R4e5 50. h4 Re4 51. h5 h6 52. Nh4 R6e5 53. Ng6 Rg5 54. Rf4 Rxf4 55. Kxf4 Rc5 56. Ne5 Rc2 57. g5 Rxa2 58. gxh6 Kh7 59. Nf7 a4 60. bxa4 b3 61. Rg2 Bc3 62. Rg6 b2 63. Ng5+ Kh8 64. h7 Bg7 65. h6 Bxh6 66. Rg8# 1-0


[Site "https://www.chess.com"]

[Event "Titled Tuesday Blitz November 29 Early 2022"]
[White "Szpar, Milosz"]
[Black "Shimanov, Aleksandr"]
[WhiteFideId "1184989"]
[BlackFideId "4198603"]
[WhiteElo "2422"]
[BlackElo "2605"]
[Result "1/2-1/2"]
[Round "03"]
[TimeControl "180+1"]
[Date "2022.11.30"]
[WhiteClock "0:00:06"]
[BlackClock "0:00:05"]

1. e4 e6 2. d3 d5 3. Nd2 c5 4. Ngf3 Nc6 5. g3 Bd6 6. Bg2 Nge7 7. O-O O-O 8. Re1 f6 9. c3 Kh8 10. Nf1 Bd7 11. Ne3 Be8 12. Nd2 Bf7 13. Nf3 Qd7 14. exd5 exd5 15. d4 c4 16. b3 b5 17. Bd2 Rab8 18. Nh4 a5 19. Qc2 Rfd8 20. Nef5 Nxf5 21. Qxf5 Bf8 22. Qxd7 Rxd7 23. Bh3 Ra7 24. Bf4 Rd8 25. Be6 Kg8 26. Nf3 cxb3 27. axb3 a4 28. bxa4 bxa4 29. Bf5 a3 30. Bd3 Na5 31. Nd2 g5 32. Be3 Rb8 33. Rec1 Rb2 34. Kf1 Bg6 35. Bxg6 hxg6 36. Ke1 Kf7 37. Kd1 Rab7 38. Rc2 Nc4 39. Nxc4 dxc4 40. Bc1 Rxc2 41. Kxc2 Rb3 42. Ra2 g4 43. Bf4 Ke6 44. Be3 Kd5 45. Kd2 Bd6 46. Rc2 Ke4 47. Ke2 Rb2 48. Kd2 Rxc2+ 49. Kxc2 f5 50. Bc1 Kf3 51. Bf4 Bxf4 52. gxf4 Ke4 53. Kb1 Kxf4 54. Ka2 Ke4 55. Kxa3 f4 56. Kb4 Kf3 57. d5 Kxf2 58. d6 g3 59. hxg3 fxg3 60. d7 g2 61. d8=Q g1=Q 62. Qf6+ Ke2 63. Kxc4 Qg4+ 64. Kb3 Qe4 65. Qg5 Qd3 66. Qg2+ Ke3 67. Qg3+ Kd2 68. Qg2+ Ke1 69. Qg1+ Ke2 70. Qg2+ Ke3 71. Qg3+ Ke2 72. Qg2+ 1/2-1/2


[Site "https://www.chess.com"]

[Event "Titled Tuesday Blitz November 29 Early 2022"]
[White "Sztokbant, Bernardo Vainzoff"]
[Black "Samaganova, Aleksandra"]
[WhiteFideId "2115956"]
[BlackFideId "13800221"]
[WhiteElo "2228"]
[BlackElo "1864"]
[Result "0-1"]
[Round "03"]
[TimeControl "180+1"]
[Date "2022.11.30"]
[WhiteClock "0:00:01"]
[BlackClock "0:00:02"]

1. e4 c5 2. Nf3 e6 3. d4 cxd4 4. Nxd4 a6 5. Nc3 Qc7 6. Bd3 Nf6 7. O-O b5 8. Kh1 Bb7 9. Qe2 d6 10. f4 Nbd7 11. Bd2 Be7 12. Rae1 O-O 13. e5 Nd5 14. Nxd5 Bxd5 15. Bb4 Nc5 16. Nf3 Nxd3 17. cxd3 Bxa2 18. Ng5 dxe5 19. Bxe7 Qxe7 20. Qh5 h6 21. Ne4 exf4 22. Rxf4 f5 23. Nc3 Qd6 24. Rf3 Bd5 25. Rg3 Rf6 26. Qh4 Kf7 27. Qh5+ Kf8 28. Qh4 b4 29. Nxd5 Qxd5 30. Qf4 a5 31. Rge3 Re8 32. h3 Qd7 33. Re5 Qxd3 34. Rxa5 Qd7 35. Qxb4+ Qe7 36. Rb5 Qxb4 37. Rxb4 e5 38. Rb7 e4 39. Kg1 f4 40. Kf2 Rc6 41. Re2 e3+ 42. Kf3 g5 43. Rh7 Rg6 0-1


[Site "https://www.chess.com"]

[Event "Titled Tuesday Blitz November 29 Early 2022"]
[White "Szyszylo, Rafal"]
[Black "Danielyan, Vahe"]
[WhiteFideId "1109626"]
[BlackFideId "13304828"]
[WhiteElo "1981"]
[BlackElo "2423"]
[Result "1/2-1/2"]
[Round "03"]
[TimeControl "180+1"]
[Date "2022.11.30"]
[WhiteClock "0:00:10"]
[BlackClock "0:02:15"]

1. e4 d6 2. d4 Nf6 3. Nc3 e5 4. Nf3 Nbd7 5. Bc4 Be7 6. a4 c6 7. O-O Qc7 8. Re1 h6 9. Ba2 g5 10. h3 Rg8 11. dxe5 dxe5 12. Nh2 Nc5 13. Qf3 Ne6 14. Ng4 Nxg4 15. hxg4 Nf4 16. g3 h5 17. gxh5 g4 18. Qe3 Nxh5 19. Qh6 Nf6 20. Bg5 Rg6 21. Qh8+ Ng8 22. Bxe7 Kxe7 23. Qh4+ Nf6 24. Rad1 Qb6 25. Bb3 Be6 26. Bxe6 fxe6 27. Kg2 Qxb2 28. Rb1 Qxc3 29. Rxb7+ Kd6 30. Rd1+ Kc5 31. Qh1 Qf3+ 32. Kg1 Qxh1+ 33. Kxh1 Nxe4 34. Rdd7 Rh8+ 35. Kg2 Rf6 36. Rf7 Rxf7 37. Rxf7 Rd8 38. Rxa7 Rd2 39. Rf7 Rxf2+ 40. Rxf2 Nxf2 41. Kxf2 Kb4 42. Ke3 Kxa4 43. Ke4 Kb4 44. Kxe5 Kc3 45. Kxe6 Kxc2 46. Kf5 Kc3 47. Kxg4 Kd4 48. Kf5 c5 49. g4 c4 50. g5 c3 51. g6 c2 52. g7 c1=Q 53. g8=Q Qf1+ 54. Kg6 Qg2+ 55. Kf7 Qf3+ 56. Kg7 Qg4+ 57. Kf7 Qf5+ 58. Kg7 Qg5+ 59. Kf7 Qh5+ 60. Kg7 Ke5 61. Qb8+ Ke6 62. Qb6+ Kf5 63. Qc5+ Kg4 64. Qxh5+ Kxh5 1/2-1/2


[Site "https://www.chess.com"]

[Event "Titled Tuesday Blitz November 29 Early 2022"]
[White "Taboas Rodriguez, Daniel"]
[Black "Malka, Samuel"]
[WhiteFideId "2208466"]
[BlackFideId "20643675"]
[WhiteElo "2329"]
[BlackElo "2451"]
[Result "1/2-1/2"]
[Round "03"]
[TimeControl "180+1"]
[Date "2022.11.30"]
[WhiteClock "0:00:18"]
[BlackClock "0:00:12"]

1. d4 d5 2. c4 e6 3. Nc3 Nf6 4. Bg5 Be7 5. e3 h6 6. Bh4 O-O 7. Nf3 Nbd7 8. Rc1 c5 9. cxd5 Nxd5 10. Bxe7 Nxe7 11. a3 b6 12. Bb5 cxd4 13. Nxd4 Ne5 14. O-O Bb7 15. Qe2 Nd5 16. Rfd1 Qf6 17. Nxd5 Bxd5 18. f4 Ng6 19. g3 Rac8 20. Ba6 Rxc1 21. Rxc1 e5 22. Nf3 exf4 23. exf4 Bxf3 24. Qxf3 Qxb2 25. Rc7 Re8 26. Rxa7 b5 27. Ra8 Qc1+ 28. Kg2 Qd2+ 29. Kh3 Qd7+ 30. Kg2 Qd2+ 31. Kh3 Qd7+ 32. f5 Rxa8 33. Qxa8+ Kh7 34. Bc8 Nf4+ 35. gxf4 Qd3+ 36. Kg2 Qe2+ 37. Kg3 Qe1+ 38. Kh3 Qe3+ 39. Kg4 Qg1+ 40. Kh3 Qe3+ 41. Kg2 Qe2+ 42. Kg3 Qe1+ 43. Kh3 Qe3+ 1/2-1/2


[Site "https://www.chess.com"]

[Event "Titled Tuesday Blitz November 29 Early 2022"]
[White "Tarasova, Viktoriya"]
[Black "Dilanyan, Grigor"]
[WhiteFideId "4175840"]
[BlackFideId "13303570"]
[WhiteElo "2182"]
[BlackElo "2229"]
[Result "0-1"]
[Round "03"]
[TimeControl "180+1"]
[Date "2022.11.30"]
[WhiteClock "0:00:01"]
[BlackClock "0:00:16"]

1. d4 Nf6 2. c4 c5 3. d5 b5 4. cxb5 a6 5. bxa6 g6 6. Nc3 Bg7 7. Nf3 O-O 8. e4 Qa5 9. Bd2 Bxa6 10. Be2 Bxe2 11. Qxe2 Qa6 12. Qxa6 Nxa6 13. Ke2 Rfb8 14. Rhb1 Nb4 15. Rc1 c4 16. Ne1 Ng4 17. Nd1 Ne5 18. Bxb4 Rxb4 19. Rc2 d6 20. a3 Rb3 21. Ne3 Ra4 22. f4 Nd3 23. Nxc4 Nxf4+ 24. Kf1 Bd4 25. Rac1 Kg7 26. g3 Nh3 27. Kg2 Ng5 28. Rd2 Be3 29. Nxe3 Rxe3 30. Rdc2 Nxe4 31. Nf3 Nc5 32. Rc3 Re2+ 0-1


[Site "https://www.chess.com"]

[Event "Titled Tuesday Blitz November 29 Early 2022"]
[White "Tarnowska, Aleksandra"]
[Black "Radjabov, Teimour"]
[WhiteFideId "1180967"]
[BlackFideId "13400924"]
[WhiteElo "1776"]
[BlackElo "2709"]
[Result "0-1"]
[Round "03"]
[TimeControl "180+1"]
[Date "2022.11.30"]
[WhiteClock "0:00:01"]
[BlackClock "0:02:35"]

1. e4 Nf6 2. e5 Nd5 3. Nf3 d6 4. Bc4 Nb6 5. Bb3 d5 6. d4 Bg4 7. c3 e6 8. O-O c5 9. h3 Bh5 10. Re1 Nc6 11. Be3 Rc8 12. Nbd2 cxd4 13. cxd4 Bb4 14. a3 Bxd2 15. Qxd2 Bxf3 16. gxf3 Nc4 17. Qe2 Qh4 18. Bxc4 dxc4 19. Qxc4 Qxh3 20. Qb5 O-O 21. b4 Ne7 22. Qxb7 Nd5 23. Rad1 Qxf3 0-1


[Site "https://www.chess.com"]

[Event "Titled Tuesday Blitz November 29 Early 2022"]
[White "Tasev, Dejan"]
[Black "Corrales Jimenez, Fidel"]
[WhiteFideId "936618"]
[BlackFideId "3506690"]
[WhiteElo "2256"]
[BlackElo "2541"]
[Result "0-1"]
[Round "03"]
[TimeControl "180+1"]
[Date "2022.11.30"]
[WhiteClock "0:00:40"]
[BlackClock "0:00:21"]

1. e4 c5 2. Nf3 d6 3. Nc3 Nf6 4. d4 cxd4 5. Nxd4 a6 6. Bc4 e6 7. Bb3 b5 8. a3 Nbd7 9. f3 Nc5 10. Ba2 Be7 11. Be3 Qc7 12. Qd2 O-O 13. g4 Rb8 14. h4 b4 15. axb4 Rxb4 16. h5 Rxb2 17. g5 Nfd7 18. g6 Ne5 19. h6 fxg6 20. hxg7 Rxf3 21. O-O-O Ncd3+ 22. cxd3 Rxd2 23. Bxd2 Rxd3 24. Nxe6 Rxc3+ 25. Kb1 Qb6+ 26. Ka1 Ra3 27. Ng5+ Qb3 0-1


[Site "https://www.chess.com"]

[Event "Titled Tuesday Blitz November 29 Early 2022"]
[White "Terzi, Alexei"]
[Black "Iinuma, Paul Y"]
[WhiteFideId "13505076"]
[BlackFideId "2031809"]
[WhiteElo "2172"]
[BlackElo "2066"]
[Result "1/2-1/2"]
[Round "03"]
[TimeControl "180+1"]
[Date "2022.11.30"]
[WhiteClock "0:00:03"]
[BlackClock "0:00:46"]

1. e4 d5 2. exd5 Qxd5 3. Nf3 Nf6 4. c4 Qh5 5. Be2 Bg4 6. O-O Nc6 7. h3 O-O-O 8. Nc3 e5 9. hxg4 Nxg4 10. Ne4 Nd4 11. Neg5 Nxf3+ 12. Nxf3 e4 13. Nh4 Qxh4 14. Bxg4+ Kb8 15. Bh3 h5 16. d4 exd3 17. Be3 Qxc4 18. Qb3 Qxb3 19. axb3 b6 20. Rfd1 g6 21. Bg5 Rd6 22. Bf4 Rd5 23. Rac1 Bd6 24. Bxd6 Rxd6 25. Rc3 d2 26. f3 Rhd8 27. Kf2 f5 28. f4 c5 29. g3 a5 30. Bf1 Kc7 31. Ke3 Re8+ 32. Kf2 Red8 33. Re3 Kc6 34. Bg2+ Kb5 35. Bf1+ Kb4 36. Bc4 b5 37. Bf7 Rf6 38. Be6 Rd6 39. Bg8 Rf8 40. Be6 Rf6 41. Bg8 Rd8 42. Be6 Rd6 1/2-1/2


[Site "https://www.chess.com"]

[Event "Titled Tuesday Blitz November 29 Early 2022"]
[White "Tologon tegin, Semetei"]
[Black "Zaichenko, Daria"]
[WhiteFideId "13800574"]
[BlackFideId "4197453"]
[WhiteElo "2282"]
[BlackElo "2039"]
[Result "1-0"]
[Round "03"]
[TimeControl "180+1"]
[Date "2022.11.30"]
[WhiteClock "0:00:33"]
[BlackClock "0:00:38"]

1. e4 c5 2. Nf3 Nc6 3. d4 cxd4 4. Nxd4 Nf6 5. Nc3 d6 6. Bg5 e5 7. Ndb5 a6 8. Bxf6 gxf6 9. Na3 Be6 10. Nc4 b5 11. Ne3 Be7 12. Ncd5 Qa5+ 13. c3 Rc8 14. a3 Qd8 15. Bd3 O-O 16. O-O Kh8 17. a4 bxa4 18. Rxa4 a5 19. f4 Rb8 20. Qe2 exf4 21. Rxf4 Ne5 22. Bb5 Rxb5 23. Qxb5 Bd7 24. Qxa5 Bxa4 25. Qxa4 Nd3 26. Rf3 Rg8 27. Nf5 Bf8 28. Rxd3 Qb8 29. b4 Rg6 30. h3 Qc8 31. Qb5 Qe6 32. Qb8 Rg8 33. Re3 Bh6 34. Qxg8+ Kxg8 35. Nxh6+ Kf8 36. Rg3 Ke8 37. Nc7+ Kd7 38. Nxe6 Kxe6 39. Rd3 1-0


[Site "https://www.chess.com"]

[Event "Titled Tuesday Blitz November 29 Early 2022"]
[White "Trost, Edvin"]
[Black "Mohammed, Zozek Salah Mohammed"]
[WhiteFideId "1729519"]
[BlackFideId "4803361"]
[WhiteElo "2247"]
[BlackElo "2199"]
[Result "1/2-1/2"]
[Round "03"]
[TimeControl "180+1"]
[Date "2022.11.30"]
[WhiteClock "0:00:06"]
[BlackClock "0:00:08"]

1. e4 c5 2. Nc3 d6 3. g3 Nc6 4. Bg2 e5 5. d3 g6 6. Be3 Bg7 7. Qd2 Nge7 8. Nge2 Nd4 9. Rc1 Bg4 10. Bh6 Bf6 11. Nxd4 cxd4 12. Ne2 Qb6 13. h3 Bxe2 14. Kxe2 Nc6 15. c4 dxc3 16. bxc3 Rc8 17. h4 Qa6 18. h5 Nb8 19. Be3 Nd7 20. hxg6 hxg6 21. Rxh8+ Bxh8 22. Rh1 Ke7 23. Bh3 Bf6 24. Bg5 Rc7 25. Bxd7 Rxd7 26. Bxf6+ Kxf6 27. Rh8 Rc7 28. Kf3 Qa5 29. Qh6 Qxc3 30. Qh4+ Ke6 31. Kg2 Qxd3 32. Rb8 Rc4 33. Qg4+ Kf6 34. Qh4+ Ke6 35. Re8+ Kd7 36. Qe7+ Kc6 37. Rc8+ Kb6 38. Rxc4 Qxc4 39. Qxd6+ Qc6 40. Qxe5 Qe6 41. Qd4+ Kc6 42. a3 b6 43. f4 a5 44. Kf3 Qb3+ 45. Kg4 Qe6+ 46. f5 gxf5+ 47. exf5 Qe2+ 48. Kg5 Qe7+ 49. f6 Qc5+ 50. Qxc5+ bxc5 51. g4 c4 52. Kf4 Kd6 53. a4 Ke6 54. g5 c3 55. Ke3 Kf5 56. Kd3 Kxg5 57. Kxc3 Kxf6 58. Kc4 Ke5 59. Kb5 Kd5 60. Kxa5 Kc5 61. Ka6 f5 62. Kb7 f4 63. a5 f3 64. a6 f2 65. a7 f1=Q 66. a8=Q Qf3+ 67. Ka7 Qa3+ 68. Kb8 Qg3+ 69. Ka7 Qa3+ 70. Kb8 Qg3+ 71. Ka7 Qc7+ 72. Qb7 Qxb7+ 73. Kxb7 1/2-1/2


[Site "https://www.chess.com"]

[Event "Titled Tuesday Blitz November 29 Early 2022"]
[White "Tsydypov, Zhamsaran"]
[Black "Van Osch, Mees"]
[WhiteFideId "4108566"]
[BlackFideId "1035967"]
[WhiteElo "2591"]
[BlackElo "2324"]
[Result "1-0"]
[Round "03"]
[TimeControl "180+1"]
[Date "2022.11.30"]
[WhiteClock "0:02:38"]
[BlackClock "0:01:39"]

1. b3 e5 2. Bb2 Nc6 3. e3 Nf6 4. Bb5 Bd6 5. Ne2 O-O 6. Bxc6 dxc6 7. Ng3 Bg4 8. f3 Be6 9. O-O a5 10. a4 g6 11. Nc3 Nd5 12. Nce4 Be7 13. Bxe5 f5 14. Nf2 Qd7 15. Nd3 Rad8 16. Bd4 b6 17. Ne5 Qe8 18. Qe2 c5 19. Bb2 Nb4 20. Rac1 Bf6 21. f4 Nc6 22. Nxc6 Qxc6 23. Bxf6 Rxf6 24. d3 c4 25. dxc4 Bf7 26. Rcd1 Re8 27. Rd3 Rfe6 28. Rfd1 Kg7 29. Qd2 R8e7 30. Qc3+ Kg8 31. Rd8+ Re8 32. Rxe8+ Bxe8 33. Kf2 Qc5 34. Ne2 Rd6 35. Rxd6 Qxd6 36. Qd4 Qe6 37. Nc3 Bc6 38. Nd5 Bxd5 39. Qxd5 Qxd5 40. cxd5 Kf7 41. e4 fxe4 42. Ke3 Ke7 43. Kxe4 Kd6 44. Kd4 Ke7 45. g4 Kd6 46. f5 gxf5 47. gxf5 Ke7 48. Ke5 Kf7 49. d6 cxd6+ 50. Kxd6 Kf6 51. Kc6 b5 52. axb5 1-0


[Site "https://www.chess.com"]

[Event "Titled Tuesday Blitz November 29 Early 2022"]
[White "Tworuszka, Michal"]
[Black "Broca Jimenez, Fernando"]
[WhiteFideId "1117858"]
[BlackFideId "5104742"]
[WhiteElo "2413"]
[BlackElo "2062"]
[Result "1-0"]
[Round "03"]
[TimeControl "180+1"]
[Date "2022.11.30"]
[WhiteClock "0:00:15"]
[BlackClock "0:00:13"]

1. d4 Nf6 2. c4 e6 3. Nc3 Bb4 4. f3 d5 5. a3 Bxc3+ 6. bxc3 O-O 7. cxd5 exd5 8. e3 Re8 9. Bd3 c5 10. Ne2 Nc6 11. g4 Nxg4 12. fxg4 Bxg4 13. O-O cxd4 14. cxd4 Qg5 15. Kh1 Qh5 16. Qe1 Bf3+ 17. Kg1 Qg4+ 18. Ng3 Nxd4 19. Qf2 Nb3 20. Rb1 Nxc1 21. Rbxc1 Be4 22. Bxe4 dxe4 23. Qxf7+ Kh8 24. Rf4 Qe6 25. Rc7 Qxf7 26. Rfxf7 Rg8 27. Rxb7 Rac8 28. Nxe4 Rc3 29. Nxc3 1-0


[Site "https://www.chess.com"]

[Event "Titled Tuesday Blitz November 29 Early 2022"]
[White "Urazayev, Arystanbek"]
[Black "Ciuffoletti, Paolo"]
[WhiteFideId "13709810"]
[BlackFideId "807630"]
[WhiteElo "2441"]
[BlackElo "2143"]
[Result "1-0"]
[Round "03"]
[TimeControl "180+1"]
[Date "2022.11.30"]
[WhiteClock "0:01:48"]
[BlackClock "0:00:14"]

1. c4 g6 2. Nc3 Bg7 3. d4 d6 4. g3 Nc6 5. Nf3 Bg4 6. Bg2 e5 7. d5 Nce7 8. O-O Nf6 9. Qb3 b6 10. Bg5 h6 11. Bxf6 Bxf6 12. Nd2 O-O 13. Qc2 Bg7 14. b4 Qd7 15. c5 Bh3 16. c6 Qc8 17. a4 Bxg2 18. Kxg2 Qg4 19. Qe4 Qxe4+ 20. Ndxe4 f5 21. Nd2 e4 22. Ndb1 Nxd5 23. Nxd5 Bxa1 24. Na3 Bf6 25. Nb5 Bd8 26. Nbxc7 Bxc7 27. Nxc7 Rac8 28. Nd5 Kf7 29. b5 a6 30. Nxb6 Rb8 31. a5 axb5 32. c7 Rbc8 33. Rc1 Ke6 34. a6 d5 35. a7 Kd6 36. Nxc8+ Rxc8 37. a8=Q Rxa8 38. c8=Q Rxc8 39. Rxc8 1-0


[Site "https://www.chess.com"]